 Dungeon Crawl Stone Soup version 0.18-a0-455-gc7d4c65 (webtiles) character file.

70 M4edhros the Charlatan (level 4, 0/28 HPs)
             Began as an Octopode Artificer on Dec 1, 2015.
             Slain by an orc wizard
             ... wielding a +0 dagger of holy wrath
              (5 damage)
             ... on level 4 of the Dungeon.
             The game lasted 00:02:20 (1109 turns).

M4edhros the Charlatan (Octopode Artificer)         Turns: 1109, Time: 00:02:21

Health: 0/28       AC:  1    Str: 10    XL:     4   Next: 22%
Magic:  7/7        EV: 12    Int: 15    God:
Gold:   111        SH:  0    Dex: 12    Spells: 0 memorised, 3 levels left

rFire  . . .     SeeInvis .     h - +0 spear (vamp)
rCold  . . .     Clarity  .     (no shield)
rNeg   . . .     SustAt   .     (helmet restricted)
rPois  .         Gourm    .     (no amulet)
rElec  .         Spirit   .     (no ring)
rCorr  .         Dsmss    .     (no ring)
rMut   .         Stasis   .     (no ring)
MR     .....                    (no ring)
Stlth  ++++......               (no ring)
                                (no ring)
                                (no ring)
                                (no ring)

@: not resistant to hostile enchantments, stealthy
A: almost no armour, amphibious, 8 rings, constrict 8, camouflage 1, gelatinous
body 1
a: no special abilities


You were on level 4 of the Dungeon.
You were hungry.

You visited 1 branch of the dungeon, and saw 4 of its levels.

You collected 111 gold pieces.

Inventory:

Hand Weapons
 a - a +0 short sword
 h - a +0 vampiric spear (weapon)
 l - a +0 vampiric spear
Missiles
 i - 45 stones (quivered)
Wands
 b - a wand of flame (15)
 c - a wand of enslavement (14)
 d - a wand of random effects (14)
Scrolls
 e - a scroll of remove curse {unknown}
 f - a scroll of fog {unknown}
 g - a scroll of enchant armour {unknown}
 j - a scroll of blinking {unknown}
Comestibles
 k - a beef jerky
 m - a meat ration
 n - a bread ration


   Skills:
 - Level 1.0 Fighting
 - Level 1.0 Short Blades
 - Level 2.0 Dodging
 + Level 4.1 Stealth
 + Level 4.4 Evocations


You had 3 spell levels left.
You didn't know any spells.

Dungeon Overview and Level Annotations

Branches:
Dungeon (4/15)             Temple (0/1) D:4

Altars:


Innate Abilities, Weirdness & Mutations

You cannot wear most types of armour.
You are amphibious.
You can wear up to eight rings at the same time.
You can use your tentacles to constrict eight enemies at once.
Your skin changes colour to match your surroundings (Stealth).
Your rubbery body absorbs attacks (AC +1).


Message History

You barely miss the orc wizard. Your grab misses the orc wizard.
You constrict the orc.
You kill the orc!
The orc barely misses you.
The orc wizard hits you with a dagger of holy wrath.
You closely miss the orc. You grab the orc. You constrict the orc.
The orc closely misses you.
The orc wizard hits you but does no damage.
You release your grip on the orc.
The orc wizard casts a spell at you. You resist with some effort.
The orc closely misses you. The orc wizard casts a spell at you.
You resist with some effort.
You barely miss the orc. Your grab misses the orc.
The orc is lightly wounded.
The orc hits you with a falchion!
* * * LOW HITPOINT WARNING * * *
The orc wizard hits you with a dagger of holy wrath.
You die...

..........#...........#
.............†........#
#+##..................
..##.......))).....########
..##..........)............
..##.......####............
..##.......####...)........
...........##...oo.........
#....#....###...@..........
#................#..#######
........................#######
...................>..........#
........#...............#####.#
...P.####....#..........# #.#
≈≈≈≈≈# .................# #.#
............###### #.#
............# #.#


You could see an orc wizard and an orc.

Vanquished Creatures
  3 gnolls (D:4)
  An adder (D:3)
  An ooze (D:1)
  3 giant geckos
  An orc (D:4)
  2 bats (D:3)
  2 giant cockroaches
  2 goblins
  5 hobgoblins
  2 jackals (D:1)
  A giant newt (D:1)
  A kobold (D:1)
  3 rats (D:1)
27 creatures vanquished.

Vanquished Creatures (others)
  A gnoll (D:4)
1 creature vanquished.

Grand Total: 28 creatures vanquished

Notes
Turn   | Place    | Note
--------------------------------------------------------------
     0 | D:1      | M4edhros the Octopode Artificer began the quest for the Orb.
     0 | D:1      | Reached XP level 1. HP: 13/13 MP: 3/3
   213 | D:1      | Reached XP level 2. HP: 12/18 MP: 4/4
   821 | D:3      | Reached XP level 3. HP: 23/23 MP: 5/5
   866 | D:3      | Reached skill level 4 in Evocations
   947 | D:4      | Found a staircase to the Ecumenical Temple.
   997 | D:4      | Reached XP level 4. HP: 24/28 MP: 7/7
  1109 | D:4      | Slain by an orc wizard

Vault maps used:
D:1:      lightli_arrival_windingriver, serial_park_tiny_pond, tso_metal_star
D:2:      nicolae_ru_awakened_eye, uniq_robin
D:3:      uniq_natasha
D:4:      lemuel_castle_with_subvaults, minmay_temple_entry_junction2,
          serial_shops, shop, first_bread, lightli_minifort

Action                   |  1- 3 |  4- 6 || total
-------------------------+-------+-------++-------
Melee: Short sword       |    26 |       ||    26
       Spear             |    33 |    15 ||    48
Evoke: Wand              |     1 |     1 ||     2
 Stab: Sleeping          |     7 |       ||     7
       Distracted        |     1 |       ||     1
  Eat: Bread ration      |     1 |       ||     1
